 Dungeon Crawl Stone Soup version 0.28-a0-861-ge64d6db94f (webtiles) character file.

Game seed: 18208639200969812587

226 croobank the Digger (level 5, -1/40 HPs)
             Began as a Demigod Earth Elementalist on Nov 16, 2021.
             Frozen to death by an endoplasm (5 damage)
             ... on level 4 of the Dungeon.
             The game lasted 00:18:55 (4484 turns).

croobank the Digger (Demigod Earth Elementalist)    Turns: 4484, Time: 00:18:56

Health: -1/40      AC:  4    Str: 13    XL:     5   Next: 41%
Magic:  8/12       EV: 12    Int: 17    God:
Gold:   98         SH:  0    Dex: 14    Spells: 5/9 levels left

rFire   . . .      SeeInvis .   d - +0 trident
rCold   . . .      Faith    .   (no shield)
rNeg    . . .      Spirit   .   j - +0 leather armour
rPois   .          Reflect  .   (no helmet)
rElec   .          Harm     .   m - +0 cloak
rCorr   .          Rampage  .   (no gloves)
Will    .....                   (no boots)
Stlth   ++........              (no amulet)
HPRegen 0.13/turn               (no ring)
MPRegen 0.13/turn               (no ring)

@: no status effects
A: high mp 1, forlorn
a: no special abilities


You were on level 4 of the Dungeon.
You visited 1 branch of the dungeon, and saw 4 of its levels.

You collected 122 gold pieces.
You spent 24 gold pieces at shops.

Inventory:

Hand Weapons
 a - a +0 spear of protection
 d - a +0 trident (weapon)
 e - a +0 dagger
 f - a +0 quarterstaff
 h - a +0 rapier
Missiles
 c - 132 stones
 g - 8 poisoned darts
Armour
 b - a +0 robe
 j - a +0 leather armour (worn)
 m - a +0 cloak (worn)
Scrolls
 n - a scroll of identify
Potions
 i - a potion of heal wounds
 k - a potion of flight {unknown}
 l - 2 potions of resistance {unknown}


   Skills:
 + Level 1.3 Fighting
 * Level 2.0 Polearms
 + Level 0.1 Throwing
 + Level 1.3 Armour
 + Level 2.1 Dodging
 + Level 2.1 Stealth
 + Level 2.8 Spellcasting
 + Level 0.8 Transmutations
 + Level 3.7 Earth Magic


You had 5 spell levels left.
You knew the following spells:

 Your Spells              Type           Power      Damage    Failure   Level
a - Sandblast             Erth           30%        2d9       4%          1
b - Shock                 Conj/Air       8%         1d3       22%         1
c - Passwall              Tmut/Erth      8%         N/A       13%         2

Your spell library contained the following spells:

 Spells                   Type           Power      Damage    Failure   Level
 Stone Arrow              Conj/Erth      16%        3d8       30%         3
 Swiftness                Air            2%         N/A       56%         3
 Petrify                  Tmut/Erth      10%        N/A       65%         4
 Animate Armour           Summ/Erth      16%        N/A       71%         4
 Airstrike                Air            1%         N/A       92%         4
 Blade Hands              Tmut           2%         N/A       99%         5
 Iron Shot                Conj/Erth      4%         9d2       100%        6


Dungeon Overview and Level Annotations

Branches:
Dungeon (4/15)
 Temple: D:4-7

Shops:
D:2 ?


Innate Abilities, Weirdness & Mutations

Your attributes grow dramatically as you level up.
You have an increased reservoir of magic. (+10% MP)
You shall have no god before yourself.


Message History

The blast of sand hits the iguana.
The iguana is moderately wounded.
Aiming: Sandblast (safe; 4% risk of failure)
Press: ? - help, Q - select action, (/) - cycle Shift-Dir - straight line, f/p - iguana
Aim: an iguana (moderately wounded, 82% to hit)
The blast of sand hits the iguana.
The iguana is heavily wounded.
The iguana bites you!
You hit the iguana.
The iguana is heavily wounded.
The iguana bites you!
You barely miss the iguana.
The iguana is heavily wounded.
The iguana misses you.
The endoplasm hits you but does no damage.
Aiming: Sandblast (safe; 4% risk of failure)
Press: ? - help, Q - select action, (/) - cycle Shift-Dir - straight line, f/p - iguana
Aim: an iguana (heavily wounded, 82% to hit)
The blast of sand hits the iguana.
The iguana is heavily wounded.
The iguana bites you!
* * * LOW HITPOINT WARNING * * *
The endoplasm closely misses you.
Aiming: Sandblast (safe; 4% risk of failure)
Press: ? - help, Q - select action, (/) - cycle Shift-Dir - straight line, f/p - iguana
Aim: an iguana (heavily wounded, 82% to hit)
The blast of sand hits the iguana.
The iguana is almost dead.
The iguana barely misses you.
The endoplasm hits you but does no damage.
Aiming: Sandblast (safe; 4% risk of failure)
Press: ? - help, Q - select action, (/) - cycle Shift-Dir - straight line, f/p - iguana
Aim: an iguana (severely wounded, 82% to hit)
The blast of sand hits the iguana but does no damage.
The iguana is severely wounded.
The iguana bites you!
* * * LOW HITPOINT WARNING * * *
The endoplasm freezes you.
You are frozen.
You die...

.###.######.
.##...............
................>#
#.##.####.#....(.## .
#..#......#....... ..
##.#.####.#....... ..
##.#.####.#.#....###.#..
##.#...........Jl.......
##...####.....(.@.......
###.............(##.....
###..#.##..##....# ..?
...........##<...# .
###..#.#...###...# #
#..#.#...# #...# #
##.#.#...###...##.#.
####.#.#...............
.................##.#..


You could see an iguana and an endoplasm.

Vanquished Creatures
  A centaur skeleton (D:4)
  Jessica (D:2)
  2 iguanas (D:4)
  5 adders
  2 worms (D:2)
  A dart slug (D:2)
  4 ball pythons
  7 bats
  8 endoplasms
  3 giant cockroaches (D:1)
  9 goblins
  9 hobgoblins
  2 jackals (D:1)
  2 quokkas (D:1)
  A frilled lizard (D:1)
  3 kobolds
  3 rats
63 creatures vanquished.

Notes
Turn   | Place    | Note
-------+----------+-------------------------------------------
     0 | D:1      | croobank the Demigod Earth Elementalist began the quest for
                  | the Orb.
     0 | D:1      | Reached XP level 1. HP: 14/14 MP: 5/5
    82 | D:1      | Reached skill level 3 in Earth Magic
   312 | D:1      | Reached XP level 2. HP: 7/20 MP: 1/7
  1686 | D:2      | Found Qiwufieph's Magic Scroll Shoppe.
  1752 | D:2      | Noticed Jessica
  1794 | D:2      | Reached skill level 1 in Polearms
  1794 | D:2      | Reached XP level 3. HP: 4/26 MP: 4/8
  3039 | D:2      | Bought a scroll of identify for 24 gold pieces
  3196 | D:2      | Killed Jessica
  3197 | D:2      | Reached XP level 4. HP: 34/34 MP: 6/10
  3977 | D:3      | Reached skill level 1 in Fighting
  3997 | D:3      | Learned a level 1 spell: Shock
  4000 | D:3      | Learned a level 2 spell: Passwall
  4206 | D:4      | Reached XP level 5. HP: 37/40 MP: 8/11
  4340 | D:4      | Reached skill level 1 in Armour
  4484 | D:4      | Frozen to death by an endoplasm

Illustrated notes

Levels and vault maps discovered:
D:1:      saegor_arrival_simple_a, layout_loops_ring, minmay_tromino_mix6
D:2:      layout_basic, basic_ecumenical_altar, serial_shops, shop, uniq_jessica
D:3:      layout_loops_corners, minmay_fountain_box
D:4:      layout_basic, lightli_sewer_entry_pipes

Skill      XL: |  1  2  3  4  5 |
---------------+----------------+-----
Earth Magic    | 3 |  3.7
Spellcasting   | 2 |  2.8
Polearms       | 1 2 |  2.0
Dodging        | 2 |  2.1
Stealth        | 2 |  2.1
Fighting       | 1 |  1.3
Armour         | 1 |  1.3
Throwing       | |  0.1
Transmutations | |  0.8

Action                   |  1- 3 |  4- 6 || total
-------------------------+-------+-------++-------
Melee: Spear             |   103 |       ||   103
       Trident           |    27 |    22 ||    49
Throw: Dart              |     6 |       ||     6
 Cast: Sandblast         |    35 |    26 ||    61
  Use: Scroll            |     6 |       ||     6
       Potion            |     1 |       ||     1
 Stab: Sleeping          |     4 |       ||     4
Armor: Robe              |    28 |       ||    28
       Leather armour    |     1 |    12 ||    13
Dodge: Dodged            |    92 |    15 ||   107

Table legend: (Time is in decaauts)
 A = Elapsed time spent in this place.
 B = Non-inter-level travel time spent in this place.
 C = Inter-level travel time spent in this place.
 D = Time resting spent in this place.
 E = Time spent auto-exploring this place.
 F = Levels seen in this place.
 G = Mean time per level.
                   A        B        C        D        E       F      G
               +--------+--------+--------+--------+--------+-----+--------+
         Total |   4491 |   4428 |     63 |   1515 |   1936 |   4 | 1122.8 |
       Dungeon |   4491 |   4428 |     63 |   1515 |   1936 |   4 | 1122.8 |
               +--------+--------+--------+--------+--------+-----+--------+

Top non-repeatable levels by time:
     D:1: 1688 daAuts
     D:2: 1282 daAuts
     D:3: 1117 daAuts
     D:4: 403 daAuts
